 Dungeon Crawl Stone Soup version 0.31-a0-240-gb923e448b6 (webtiles) character file.

Game seed: 99636322829594798

63 Nattfarinn the Changeling (level 4, 0/29 HPs)
             Began as an Octopode Shapeshifter on July 12, 2023.
             Succumbed to a goblin's poison
             ... on level 2 of the Dungeon.
             The game lasted 00:01:58 (1069 turns).

Nattfarinn the Changeling (Octopode Shapeshifter)   Turns: 1069, Time: 00:01:59

Health: 0/29       AC:  1    Str: 16    XL:     4   Next: 10%
Magic:  13/13      EV: 13    Int: 10    God:
Gold:   77         SH:  0    Dex: 12    Spells: 3/3 levels left

rFire   . .          .
                       - Unarmed
rCold   . . .        (no shield)
rNeg    . . .        (helmet currently unavailable)
rPois   .            (no amulet)
rElec   .            j - ring of magical power
rCorr   .            (no ring)
SInv    .            (no ring)
Will    .....        (no ring)
Stlth   ++           (no ring)
HPRegen 0.24/turn    (no ring)
MPRegen 0.13/turn    (no ring)
                     (no ring)

%: no passive effects
@: lethally poisoned (0 -> -18), about to teleport, beast-form, weak-willed
A: beast (slay +2), almost no armour, amphibious, 8 rings, camouflage 1,
gelatinous body 1, (nimble swimmer 1), tentacles
a: no special abilities


You were on level 2 of the Dungeon.
You were a hulking beast.
You visited 1 branch of the dungeon, and saw 2 of its levels.

You collected 77 gold pieces.

Inventory:

Jewellery
 j - a ring of magical power (left tentacle)
 l - a ring of ice
Talismans
 b - a beast talisman
Scrolls
 e - a scroll of revelation {unknown}
 g - a scroll of fog {unknown}
 i - a scroll of vulnerability
 m - a scroll of fear {unknown}
 n - a scroll of identify {unknown}
Potions
 a - 2 potions of lignification
 c - a potion of curing
 d - a potion of attraction {unknown}
 f - a potion of enlightenment {unknown}
 h - a potion of heal wounds {unknown}


   Skills:
 - Level 2.0 Fighting
 - Level 2.0 Dodging
 + Level 2.9 Unarmed Combat
 * Level 4.0 Shapeshifting


You had 3 spell levels left.
You didn't know any spells.
Your spell library contained the following spells:

 Spells                   Type           Power      Damage    Failure   Level
 Freeze                   Ice            0%         1d3       36%         1
 Wereblood                Tmut           0%         N/A       50%         2
 Frozen Ramparts          Ice            0%         1d1       75%         3
 Hailstorm                Conj/Ice       0%         3d3       75%         3
 Irradiate                Conj/Tmut      0%         3d11      100%        5


Dungeon Overview and Level Annotations

Branches:
Dungeon (2/15)

Altars:

Annotations:
D:2 Robin


Innate Abilities, Weirdness & Mutations

You are a hulking beast.
Your limbs bulge with bestial killing power. (Slay +2)
You cannot wear most types of armour.
You are amphibious.
You can wear up to eight rings at the same time.
Your skin changes colour to match your surroundings (Stealth+).
Your rubbery body absorbs attacks. (AC +1, EV +1)
((You are camouflaged when in or above water. (Stealth+)))
You have tentacles for arms and can constrict up to eight enemies at once.


Message History

Things that are here:
a +0 dagger; a hobgoblin corpse; a goblin corpse
There is an open door here.
A goblin comes into view. It is wielding a +0 dagger.
The goblin shouts!
You hear a shout! x3
A goblin comes into view. It is wielding a +0 club.
You tentacle-slap the goblin.
You kill the goblin!
You see here a +0 dagger.
You bludgeon the goblin!
You kill the goblin!
Your Shapeshifting skill increases to level 4!
A hobgoblin comes into view.
A hobgoblin is nearby!
A goblin comes into view. It is wielding a +1 dagger of venom.
A goblin comes into view. It is wielding a +0 club.
Robin, a hobgoblin and a goblin come into view.
The hobgoblin shouts! x2; The goblin shouts! x2
Robin throws the goblin at you! The goblin hits you with a +0 club.
You tentacle-slap the goblin. Your grab misses the goblin.
The goblin is moderately wounded.
The goblin hits you with a +0 club. The hobgoblin misses you.
You barely miss the goblin. Your grab misses the goblin.
The goblin is moderately wounded.
Robin roars a battlecry!
The goblins go into a battle-frenzy!
The goblin hits you with a +1 dagger of venom.
You are poisoned.
The goblin hits you with a +0 club. The hobgoblin closely misses you.
As you read the scroll labelled TAISOF ICHEBB, it crumbles to dust.
Magic quickly surges around you.
It was a scroll of vulnerability.
You feel sick.
The goblin hits you with a +1 dagger of venom.
* * * LOW HITPOINT WARNING * * *
You are lethally poisoned!
The goblin closely misses you. The hobgoblin hits you.
* * * LOW HITPOINT WARNING * * *
As you read the scroll labelled ICHUVU UBRUCH, it crumbles to dust.
You feel strangely unstable.
It was a scroll of teleportation.
You die...

......)).'.........'..
##########.........#####
.........').............
.....#####).............
.....+..................
.....####.........#.....
.##+## #.........#.....
.# #......g..# ## # .#
#.......h.# .#
#......ggg# .#
#.......g.# .#
#......g..# .#
.......... ..
#........## ##
#......... #.###...##


You could see Robin (weak-willed), 2 hobgoblins and 3 goblins.

Vanquished Creatures
  An adder (D:2)
  A worm (D:2)
  A dart slug (D:1)
  7 endoplasms
  5 giant cockroaches
  3 hobgoblins
  3 jackals (D:1)
  3 ball pythons
  2 bats (D:1)
  10 goblins
  4 kobolds
  2 rats
42 creatures vanquished.

Notes
Turn   | Place    | Note
-------+----------+-------------------------------------------
     0 | D:1      | Nattfarinn the Octopode Shapeshifter began the quest for
                  | the Orb.
     0 | D:1      | Reached XP level 1. HP: 14/14 MP: 1/1
   199 | D:1      | Reached XP level 2. HP: 19/19 MP: 2/2
   524 | D:1      | Reached XP level 3. HP: 23/24 MP: 3/3
   922 | D:2      | Identified the +6 hand axe of Mourning {flame, Str+2}
   930 | D:2      | Found a faded altar of an unknown god.
  1039 | D:2      | Reached XP level 4. HP: 29/29 MP: 4/4
  1056 | D:2      | Reached skill level 4 in Shapeshifting
  1064 | D:2      | Noticed Robin
  1069 | D:2      | Succumbed to a goblin's poison

Illustrated notes

Levels and vault maps discovered:
D:1:      kilobyte_arrival_exit_the_forest, layout_rooms
D:2:      layout_basic, shapermc_ecumenical_altar_pompeii, uniq_robin

Skill      XL: |  1  2  3  4 |
---------------+-------------+-----
Shapeshifting  | 4 |  4.0
Fighting       | |  2.0
Dodging        | |  2.0
Unarmed Combat | |  2.9

Action                     |  1- 3 |  4- 6 || total
---------------------------+-------+-------++-------
  Melee: Unarmed           |    57 |     6 ||    63
         Tentacles         |    14 |       ||    14
         Constrict         |    20 |       ||    20
    Use: Potion            |     1 |       ||     1
         Scroll            |       |     2 ||     2
   Stab: Sleeping          |     6 |       ||     6
         Distracted        |     1 |       ||     1
 Armour: Skin              |     3 |       ||     3
  Dodge: Dodged            |    24 |     3 ||    27

Table legend: (Time is in decaauts)
 A = Elapsed time spent in this place.
 B = Non-inter-level travel time spent in this place.
 C = Inter-level travel time spent in this place.
 D = Time resting spent in this place.
 E = Time spent auto-exploring this place.
 F = Levels seen in this place.
 G = Mean time per level.
                   A        B        C        D        E       F      G
               +--------+--------+--------+--------+--------+-----+--------+
         Total |   1066 |   1043 |     23 |      0 |    827 |   2 |  533.0 |
       Dungeon |   1066 |   1043 |     23 |      0 |    827 |   2 |  533.0 |
               +--------+--------+--------+--------+--------+-----+--------+

Top non-repeatable levels by time:
     D:1: 790 daAuts
     D:2: 275 daAuts
